 Dungeon Crawl Stone Soup version 0.30-a0-509-gd016549fea (webtiles) character file.

Game seed: 12569848656328976260

136 PyroL the Changer (level 5, -1/33 HPs)
             Began as an Octopode Transmuter on Dec 23, 2022.
             Splashed by a jelly's acid (4 damage)
             ... on level 3 of the Dungeon.
             The game lasted 00:04:39 (2072 turns).

PyroL the Changer (Octopode Transmuter)             Turns: 2072, Time: 00:04:39

Health: -1/33      AC: -6    Str: 10    XL:     5   Next: 19%
Magic:  5/8        EV: 23    Int: 17    God:
Gold:   132        SH:  0    Dex: 17    Spells: 3/9 levels left

rFire   . . .      SeeInvis .      - Unarmed
rCold   . . .      Faith    .    (shield currently unavailable)
rNeg    . . .      Spirit   .    (helmet currently unavailable)
rPois   x          Reflect  .    (no amulet)
rElec   .          Harm     .    k - +4 ring of evasion
rCorr   .          Rampage  .    (no ring)
Will    .....                    (no ring)
Stlth   ++........               (no ring)
HPRegen 0.25/turn                (no ring)
MPRegen 0.11/turn                (no ring)
                                 (no ring)
                                 (no ring)

@: spider-form, corroded
A: venomous fangs, almost no armour, (amphibious), 8 rings, tiny, (camouflage
1), (gelatinous body 1), (nimble swimmer 1), (tentacles)
a: End Transformation


You were on level 3 of the Dungeon.
You were a venomous arachnid creature.
You visited 1 branch of the dungeon, and saw 3 of its levels.

You collected 132 gold pieces.

Inventory:

Hand Weapons
 d - a +2 dagger of speed (melded)
Jewellery
 k - a +4 ring of evasion (left front leg)
Scrolls
 c - a scroll of immolation {unknown}
 e - 4 scrolls of poison {unknown}
 f - 2 scrolls of identify {unknown}
 i - a scroll of amnesia {unknown}
 j - a scroll of fear {unknown}
 l - a scroll of teleportation {unknown}
 m - a scroll of blinking {unknown}
Potions
 a - 2 potions of lignification
 b - 2 potions of mutation {unknown}
 g - a potion of haste {unknown}
 h - a potion of curing {unknown}
 n - 2 potions of degeneration {unknown}
 o - a potion of heal wounds {unknown}
 p - a potion of brilliance {unknown}


   Skills:
 - Level 1.0 Fighting
 - Level 2.0 Dodging
 - Level 3.0 Unarmed Combat
 - Level 2.5 Spellcasting
 + Level 3.6 Transmutations
 - Level 3.0 Earth Magic


You had 3 spell levels left.
You knew the following spells:

 Your Spells              Type           Power      Damage    Failure   Level
a - Beastly Appendage     Tmut           28%        N/A       13%         1
b - Wereblood             Tmut           14%        N/A       17%         2
c - Spider Form           Tmut/Pois      8%         N/A       47%         3

Your spell library contained the following spells:

 Spells                   Type           Power      Damage    Failure   Level
 Kiss of Death            Conj/Necr      8%         2d6       38%         1
 Confusing Touch          Hex            2%         N/A       71%         3
 Gell's Gravitas          Tloc           2%         N/A       71%         3
 Lesser Beckoning         Tloc           4%         N/A       71%         3
 Teleport Other           Tloc           2%         N/A       71%         3
 Ice Form                 Ice/Tmut       8%         N/A       83%         4
 Dispel Undead            Necr           2%         3d7       96%         4


Dungeon Overview and Level Annotations

Branches:
Dungeon (3/15)

Altars:
Zin

Shops:
D:2 *


Innate Abilities, Weirdness & Mutations

You are a venomous arachnid creature.
You have poisonous fangs.
You are tiny and dextrous.
Your spellcasting is less reliable in this form.
Your armour is entirely melded.
You are incapable of wielding weapons or throwing items.
You cannot wear most types of armour.
((You are amphibious.))
You can wear up to eight rings at the same time.
((Your skin changes colour to match your surroundings (Stealth+).))
((Your rubbery body absorbs attacks. (AC +1, EV +1)))
((You are camouflaged when in or above water. (Stealth+)))
((You have tentacles for arms and can constrict up to eight enemies at once.))


Message History

* * * LOW HITPOINT WARNING * * *
You are too injured to fight recklessly!
You are too injured to fight recklessly!
Unknown command.
Things that are here:
a +0 short sword; 5 stones
Casting: Beastly Appendage (safe; 4% risk of failure)
Confirm with . or Enter, or press ? or * to list all spells.
The spell is quite dangerous to miscast (26% risk of failure)!
Continue anyway?
Okay, then.
The jelly attacks as you move away! The jelly barely misses you.
There is a stone staircase leading down here.
The jelly attacks as you move away! The jelly completely misses you.
Your transformation is almost over.
The jelly attacks as you move away! The jelly closely misses you.
Casting: Spider Form (quite dangerous; 26% risk of failure)
Confirm with . or Enter, or press ? or * to list all spells.
Okay, then.
Casting: Spider Form (quite dangerous; 26% risk of failure)
Confirm with . or Enter, or press ? or * to list all spells.
The spell is quite dangerous to miscast (26% risk of failure)!
Continue anyway?
Your tentacle spike disappears.
You turn into a venomous arachnid creature.
Your +2 dagger of speed melds into your body.
The jelly hits you.
* * * LOW HITPOINT WARNING * * *
The acid corrodes you!
You are splashed with acid.
* * * LOW HITPOINT WARNING * * *
Unknown command.
You hit the jelly but do no damage.
Your front legs burn!
* * * LOW HITPOINT WARNING * * *
The jelly is moderately wounded.
Unknown command.
You hit the jelly. The acid corrodes you!
Your front legs burn!
* * * LOW HITPOINT WARNING * * *
The jelly is heavily wounded.
The jelly misses you.
Unknown command.
You hit the jelly.
Your front legs burn!
You die...

### #.############
#####.............
#.†......#########
#s###.##.# #J#
#.##.####### #.#
#.##.......# #.#
#.########.# #.#
#.# #.# #..
#>############ #
#..#.......... .
#....)........ .


You could see a jelly.

Vanquished Creatures
  An iguana (D:3)
  Robin (D:2)
  2 adders (D:3)
  2 worms
  7 endoplasms
  4 giant cockroaches
  13 goblins
  7 hobgoblins
  8 jackals
  5 kobolds
  3 quokkas
  A ball python (D:3)
  4 bats
  3 frilled lizards
  7 rats
68 creatures vanquished.

Notes
Turn   | Place    | Note
-------+----------+-------------------------------------------
     0 | D:1      | PyroL the Octopode Transmuter began the quest for the Orb.
     0 | D:1      | Reached XP level 1. HP: 13/13 MP: 3/3
    61 | D:1      | Reached XP level 2. HP: 8/18 MP: 3/5
   286 | D:1      | Reached skill level 1 in Earth Magic
   294 | D:1      | Reached XP level 3. HP: 23/23 MP: 4/6
   297 | D:1      | Learned a level 2 spell: Wereblood
   773 | D:2      | Found Xunik's General Store.
   930 | D:2      | Noticed Robin
   949 | D:2      | Killed Robin
   953 | D:2      | Reached XP level 4. HP: 24/28 MP: 4/7
  1150 | D:2      | Learned a level 3 spell: Spider Form
  1555 | D:3      | Found a glowing silver altar of Zin.
  1614 | D:3      | Reached XP level 5. HP: 18/33 MP: 6/8
  2072 | D:3      | Splashed by a jelly's acid

Illustrated notes

Levels and vault maps discovered:
D:1:      wander_arrival_peaceful_grave, layout_basic, serial_park_tiny_2
D:2:      layout_rooms, serial_shops, shop, uniq_robin
D:3:      layout_basic, mainiacjoe_overflow_six_doors_small

Skill      XL: |  1  2  3  4  5 |
---------------+----------------+-----
Earth Magic    | 1 2 3 |  3.0
Transmutations | 3 |  3.6
Fighting       | |  1.0
Dodging        | |  2.0
Unarmed Combat | |  3.0
Spellcasting   | |  2.5

Action                   |  1- 3 |  4- 6 || total
-------------------------+-------+-------++-------
Melee: Unarmed           |    13 |     3 ||    16
       Constrict         |    23 |    16 ||    39
       Tentacles         |    13 |    11 ||    24
       Dagger            |    58 |    57 ||   115
       Kick              |    17 |    22 ||    39
       Punch             |       |     1 ||     1
 Cast: Beastly Appendage |    18 |    17 ||    35
       Wereblood         |     1 |     1 ||     2
       Spider Form       |       |     1 ||     1
 Stab: Sleeping          |     5 |     1 ||     6
Armor: Skin              |     4 |     4 ||     8
Dodge: Dodged            |    34 |    31 ||    65

Table legend: (Time is in decaauts)
 A = Elapsed time spent in this place.
 B = Non-inter-level travel time spent in this place.
 C = Inter-level travel time spent in this place.
 D = Time resting spent in this place.
 E = Time spent auto-exploring this place.
 F = Levels seen in this place.
 G = Mean time per level.
                   A        B        C        D        E       F      G
               +--------+--------+--------+--------+--------+-----+--------+
         Total |   2030 |   1962 |     68 |      0 |   1552 |   3 |  676.7 |
       Dungeon |   2030 |   1962 |     68 |      0 |   1552 |   3 |  676.7 |
               +--------+--------+--------+--------+--------+-----+--------+

Top non-repeatable levels by time:
     D:3: 748 daAuts
     D:1: 713 daAuts
     D:2: 568 daAuts
